[Event "23rd ETCC Women 2021"]
[Site "Catez"]
[Date "2021.11.16"]
[Round "5.20"]
[White "Kulon, Klaudia"]
[Black "Cramling Bellon, Anna"]
[Result "1/2-1/2"]
[ECO "A37"]
[WhiteElo "2328"]
[BlackElo "2035"]
[Annotator "NA"]
[PlyCount "101"]
[EventDate "2021.11.08"]
[EventType "team-tourn"]
[EventCountry "SLO"]
[SourceTitle "playchess.com"]
[Source "ChessBase"]
[SourceQuality "1"]
[WhiteTeam "Poland"]
[BlackTeam "Sweden"]
[WhiteTeamCountry "POL"]
[BlackTeamCountry "SWE"]
[TimeControl "40/5400+30:1800+30"]

1. c4 c5 2. g3 Nc6 3. Bg2 g6 4. Nc3 Bg7 5. Nf3 d6 6. O-O e5 7. a3 a5 8. d3 Nge7 9. Rb1 O-O 10. b3 h6 11. Nd2 Be6 12. Nd5 Rb8 13. e3 b5 14. Bb2 Bxd5 15.
cxd5 Na7 16. a4 bxa4 17. bxa4 Qd7 18. Nc4 Rb4 19. Ra1 Rfb8 20. Bc3 Rb3 21. Qc2 e4 22. Bxg7 exd3 23. Qd2 Kxg7 24. Nxa5 R3b4 25. Qxd3 Rxa4 26. Bh3 Qe8 27. Rxa4 Qxa4 28. Nc4 Nac8 29. Rc1 Rb3 30. Qc2 Qb4 31. e4 f6 32. Bg4 Qb8 33. h4 h5 34. Be6 Rb4 35. Kg2 Na7 36. Qd1 Nb5 37. g4 hxg4 38. Qxg4 Qh8 39. Bd7 Qh6 40. Qe6 Ng8 41. Ne3 Rb2 42. Qh3 Nd4 43. Qg3 Kh7 44. Bg4 f5 45. exf5 Nf6 46. fxg6+ Qxg6 47. Ra1 Ne4 48. Ra7+ Kh8 49. Ra8+ Kh7 50. Ra7+ Kh8 51. Ra8+ 1/2-1/2

[Event "23rd ETCC Women 2021"]
[Site "Catez"]
[Date "2021.11.16"]
[Round "5.21"]
[White "Lazarne Vajda, Szidonia"]
[Black "Repkova, Eva"]
[Result "0-1"]
[ECO "C56"]
[WhiteElo "2345"]
[BlackElo "2307"]
[Annotator "NA"]
[PlyCount "116"]
[EventDate "2021.11.08"]
[EventType "team-tourn"]
[EventCountry "SLO"]
[SourceTitle "playchess.com"]
[Source "ChessBase"]
[SourceQuality "1"]
[WhiteTeam "Hungary"]
[BlackTeam "Slovakia"]
[WhiteTeamCountry "HUN"]
[BlackTeamCountry "SVK"]
[TimeControl "40/5400+30:1800+30"]

1. e4 e5 2. Nf3 Nc6 3. d4 exd4 4. Bc4 Nf6 5. e5 d5 6. Bb5 Nd7 7. O-O Be7 8. Bxc6 bxc6 9. Nxd4 Nb8 10. f4 c5 11. Nf3 h5 12. c3 c6 13. Be3 Bf5 14. Nbd2 a5 15. b3 Nd7 16. Ne1 Nf8 17. Ndf3 Ne6 18.
Qd2 O-O 19. g3 a4 20. Ng2 Be4 21. Qe2 g6 22. Nfh4 axb3 23. axb3 Rxa1 24. Rxa1 Ng7 25. Qf2 Qb6 26. b4 d4 27. cxd4 cxd4 28. Bxd4 Qxb4 29. Rc1 Rd8 30. Be3 c5 31. Qe1 Ne6 32. h3 Qxe1+ 33. Nxe1 Bxh4 34. gxh4 Rc8 35. Kf2 c4 36. Rc3 Ng7 37. Nf3 Nf5 38. Nd4 Nxh4 39. Nb5 Bd5 40. Nd6 Rb8 41. Kg3 Ng2 42. Nxc4 h4+ 43. Kf2 Rb4 44. Bd2 Kh7 45. Rc1 Rb3 46. Nd6 Rb2 47. Ke2 Nxf4+ 48. Ke3 g5 49. Ne8 Kg6 50. Nf6 Be6 51. Ne4 Rb3+ 52. Kf2 Nd3+ 53. Ke2 Nxc1+ 54. Bxc1 Bd5 55. Nxg5 Rc3 56. Bd2 Rc2 57. Kd3 Rxd2+ 58. Kxd2 Kxg5 0-1

[Event "23rd ETCC Women 2021"]
[Site "Catez"]
[Date "2021.11.16"]
[Round "5.22"]
[White "Hagarova, Zuzana"]
[Black "Gara, Ticia"]
[Result "1-0"]
[ECO "C28"]
[WhiteElo "2292"]
[BlackElo "2331"]
[Annotator "ChessBase"]
[PlyCount "145"]
[EventDate "2021.11.08"]
[EventType "team-tourn"]
[EventCountry "SLO"]
[SourceTitle "playchess.com"]
[Source "ChessBase"]
[SourceQuality "1"]
[WhiteTeam "Slovakia"]
[BlackTeam "Hungary"]
[WhiteTeamCountry "SVK"]
[BlackTeamCountry "HUN"]
[TimeControl "40/5400+30:1800+30"]

1. e4 e5 2. Nc3 Nc6 3. Bc4 Nf6 4. d3 Be7 5. f4 exf4 6. Bxf4 d6 7. Nf3 Na5 8. Qe2 O-O 9. O-O-O a6 10. a3 Nxc4 11. dxc4 Qe8 12. h3 Bd7 13. Nd4 b5 14. Rd3 bxc4 15. Rg3 Kh8 16. Rf1 c5 17. Nf5 Bxf5 18. exf5 Qd7 19. Re3 Rfe8 20. g4 d5 21. g5 d4 22. gxf6 Bxf6 23. Rxe8+ Rxe8 24. Qd1 Qxf5 25. Ne2 d3 26. Ng3 Qd5 27. c3 g6 28. Re1 Re6 29. Rxe6 Qxe6 30. Qf1 h5 31. Bd2 Bg7 32. Qg2 f5 33.
Qf3 h4 34. Nh1 Bf6 35. Nf2 Kg7 36. Qb7+ Kg8 37. Qb8+ Kf7 38. Nd1 Qc6 39. Qf4 Qe4 40. Qc7+ Qe7 41. Qc6 g5 42. Qxa6 Qe4 43. Qa7+ Kg6 44. Qd7 g4 45. hxg4 fxg4 46. Nf2 Qf5 47. Qe8+ Kg7 48. Nd1 g3 49. Ne3 Qf3 50. Qd7+ Kg6 51. Qh3 Kh5 52. Qd7 Kg6 53. Qe8+ Kg7 54. Qd7+ Kg6 55. Qh3 Kh5 56. Qc8 Qh1+ 57. Nd1 Qe4 58. Qxc5+ Kg4 59. Qc8+ Kh5 60. Qc5+ Kg4 61. Ne3+ Kh3 62. Qc8+ Kh2 63. Ng4+ Kg2 64. Nxf6 Qf3 65. Qe6 h3 66. Nd5 Qf1+ 67. Be1 Kh1 68. Qe4+ Qg2 69. Nf6 Qxe4 70. Nxe4 g2 71. Nf2+ Kh2 72. Nxh3 Kxh3 73. Bf2 1-0

[Event "23rd ETCC Women 2021"]
[Site "Catez"]
[Date "2021.11.16"]
[Round "5.23"]
[White "Gaal, Zsoka"]
[Black "Sucikova, Svetlana"]
[Result "1-0"]
[ECO "B12"]
[WhiteElo "2336"]
[BlackElo "2197"]
[Annotator "NA"]
[PlyCount "101"]
[EventDate "2021.11.08"]
[EventType "team-tourn"]
[EventCountry "SLO"]
[SourceTitle "playchess.com"]
[Source "ChessBase"]
[SourceQuality "1"]
[WhiteTeam "Hungary"]
[BlackTeam "Slovakia"]
[WhiteTeamCountry "HUN"]
[BlackTeamCountry "SVK"]
[TimeControl "40/5400+30:1800+30"]

1. e4 c6 2. d4 d5 3. e5 Bf5 4. h4 h5 5. Bd3 Bxd3 6. Qxd3 e6 7. Nf3 Ne7 8. c4 Nd7 9. Nc3 dxc4 10. Qxc4 Nb6 11. Qe2 Nf5 12. Qe4 Nd5 13. O-O Qb6 14. Bg5 Be7 15. Bxe7 Ndxe7 16. b3 Rd8 17. Rfd1 O-O 18. Na4 Qb4 19. Rd3 Rd5 20. a3 Qa5 21. Nc3 Rd7 22. b4 Qa6 23. Rad1 Qxa3 24. g4 hxg4 25. Qxg4 Qxb4 26. Ne4 Nd5 27. Nfg5 Qe7 28. Qh5 Nh6 29. Rg3 Nf4 30. Qf3 Ng6 31. Nf6+ Kh8 32. Nxd7 Qxd7 33. Qa3 Ra8 34. Qd3 Nf5 35. Rg4 Rd8 36. Qe4 Kg8 37. h5 Nf8 38. Qg2 c5 39. Ne4 Kh8 40.
Nxc5 Qb5 41. Nxb7 Rd5 42. Nd6 Nxd6 43. exd6 Rxh5 44. Rxg7 Ng6 45. d7 Qa5 46. Rxg6 fxg6 47. Qa8+ Kh7 48. d8=Q Rg5+ 49. Qxg5 Qxg5+ 50. Qg2 Qf5 51. Rc1 1-0

[Event "23rd ETCC Women 2021"]
[Site "Catez"]
[Date "2021.11.16"]
[Round "5.24"]
[White "Mrvova, Alena"]
[Black "Mihok-Juhasz, Barbara"]
[Result "0-1"]
[ECO "B31"]
[WhiteElo "2174"]
[BlackElo "2258"]
[Annotator "NA"]
[PlyCount "126"]
[EventDate "2021.11.08"]
[EventType "team-tourn"]
[EventCountry "SLO"]
[SourceTitle "playchess.com"]
[Source "ChessBase"]
[SourceQuality "1"]
[WhiteTeam "Slovakia"]
[BlackTeam "Hungary"]
[WhiteTeamCountry "SVK"]
[BlackTeamCountry "HUN"]
[TimeControl "40/5400+30:1800+30"]

1. e4 c5 2. Nf3 Nc6 3. Bb5 g6 4. Bxc6 bxc6 5. d3 Bg7 6.
Nc3 e5 7. Be3 d6 8. h3 Nf6 9. Qd2 Rb8 10. Rb1 O-O 11. O-O Ne8 12. Bh6 f5 13. Bxg7 Nxg7 14. Qh6 Ne6 15. exf5 gxf5 16. Qh4 Qe8 17. a3 Rb7 18. Ne2 Rg7 19. Nd2 Qg6 20. g3 f4 21. g4 h5 22. Kh2 hxg4 23.
Rg1 Ng5 24. Rxg4 Bxg4 25. Qxg4 Qh6 26. Rg1 f3 27. Ng3 Rf4 28. Qc8+ Kh7 29. Nge4 d5 30. Nxg5+ Rxg5 31. Qd7+ Kg6 32. Qe8+ Kh7 33. Qe7+ Rg7 34. Rxg7+ Qxg7 35. Qxg7+ Kxg7 36. Kg3 Rf8 37. Nxf3 Kf6 38. Nh2 Rb8 39. Ng4+ Ke6 40. b3 c4 41. dxc4 dxc4 42. b4 c3 43. Ne3 c5 44. bxc5 Rc8 45. Kf3 Rxc5 46. Ke4 Ra5 47. Nc4 Ra4 48. Kd3 Kd5 49. Ne3+ Kc5 50. Ng4 Kd6 51. Ne3 Kc5 52. Ng4 Rxa3 53. Nxe5 Ra1 54. Kxc3 Ra3+ 55. Kb2 Rxh3 56. Nd3+ Kd4 57. Nb4 Kc4 58. Nc6 Rh5 59. f4 Rb5+ 60. Kc1 Kc3 61. Kd1 a5 62. Ne7 a4 63. f5 a3 0-1

[Event "23rd ETCC Women 2021"]
[Site "Catez"]
[Date "2021.11.17"]
[Round "5.25"]
[White "Vega Gutierrez, Sabrina"]
[Black "Paehtz, Elisabeth"]
[Result "1/2-1/2"]
[ECO "B82"]
[WhiteElo "2394"]
[BlackElo "2485"]
[Annotator "ChessBase"]
[PlyCount "64"]
[EventDate "2021.11.08"]
[EventType "team-tourn"]
[EventCountry "SLO"]
[SourceTitle "playchess.com"]
[Source "ChessBase"]
[SourceQuality "1"]
[WhiteTeam "Spain"]
[BlackTeam "Germany"]
[WhiteTeamCountry "ESP"]
[BlackTeamCountry "GER"]
[TimeControl "40/5400+30:1800+30"]

1. e4 c5 2. Nf3 e6 3. d4 cxd4 4. Nxd4 a6 5. Bd3 Nf6 6. Nc3 d6 7. f4 Nbd7 8. Qf3 Nc5 9. g4 e5 10. Nf5 g6 11. fxe5 dxe5 12. Ne3 Bg7 13.
g5 Nh5 14. Ned5 Ne6 15. Rf1 Nhf4 16. Be3 Nxg5 17. Qg3 Nge6 18. O-O-O O-O 19. Bb6 Qe8 20. Kb1 Kh8 21. Ne2 Nxd3 22. Rxd3 f5 23. exf5 gxf5 24. Qh4 Rf7 25. Nc7 Nxc7 26. Rd8 Be6 27. Rxe8+ Nxe8 28. Ng3 Bf6 29. Qh6 Ng7 30. Rd1 Re8 31. a4 e4 32. Rf1 Be5 1/2-1/2

[Event "23rd ETCC Women 2021"]
[Site "Catez"]
[Date "2021.11.17"]
[Round "5.26"]
[White "Heinemann, Josefine"]
[Black "Matnadze, Ana"]
[Result "1/2-1/2"]
[ECO "B15"]
[WhiteElo "2336"]
[BlackElo "2418"]
[Annotator "ChessBase"]
[PlyCount "162"]
[EventDate "2021.11.08"]
[EventType "team-tourn"]
[EventCountry "SLO"]
[SourceTitle "playchess.com"]
[Source "ChessBase"]
[SourceQuality "1"]
[WhiteTeam "Germany"]
[BlackTeam "Spain"]
[WhiteTeamCountry "GER"]
[BlackTeamCountry "ESP"]
[TimeControl "40/5400+30:1800+30"]

1. e4 c6 2. d4 d5 3. Nd2 dxe4 4. Nxe4 Nf6 5. Nxf6+ exf6 6. Be3 Bd6 7. Bd3 O-O 8. Ne2 Re8 9. O-O Nd7 10. c4 Nf8 11. Ng3 Qc7 12. Qe2 Bd7 13.
Rfe1 Ng6 14. Qh5 Rad8 15. Nf5 Bxf5 16. Bxf5 Bf4 17. g3 Bxe3 18. Rxe3 Rxe3 19. fxe3 Qe7 20. Qf3 Qb4 21. b3 a5 22. Rd1 a4 23. Bc2 Qc3 24. Qf2 Re8 25. Rd3 Qa1+ 26. Bd1 axb3 27. axb3 Ra8 28. Kg2 Ra2 29. Rd2 Ra8 30. Rd3 Nf8 31. h4 g6 32. Rd2 f5 33. Qf1 Nd7 34. Bf3 Qc3 35. Qd3 Qb4 36. Rb2 Ra3 37. Kf2 Nf6 38.
c5 Ra1 39. Qd2 Qxd2+ 40. Rxd2 Rb1 41. d5 cxd5 42. Bxd5 Nxd5 43. Rxd5 Rxb3 44. Rd7 Rb2+ 45. Kf3 Kg7 46. Rc7 Kf6 47. c6 bxc6 48.
Rxc6+ Ke5 49. Rc5+ Kd6 50. Ra5 Rd2 51. Ra7 Ke6 52. Ra3 h6 53.
e4 fxe4+ 54. Kxe4 Rf2 55. Ra6+ Ke7 56. h5 Rf6 57. Ra7+ Kf8 58.
hxg6 fxg6 59. Rb7 Rf7 60. Rb6 Kg7 61. Ke3 Rf5 62. Ra6 h5 63.
g4 hxg4 64. Ra4 Kh6 65. Rxg4 Kh5 66. Rg1 g5 67. Ke4 Rf4+ 68. Ke3 Rf8 69. Rh1+ Kg6 70. Rh2 Rf4 71. Rf2 Rg4 72. Kf3 Kh5 73. Rh2+ Rh4 74. Ra2 Rc4 75. Kg2 Kg4 76. Rb2 Kf4 77. Ra2 g4 78. Rb2 g3 79. Ra2 Kg4 80. Rb2 Rf4 81. Ra2 Re4 1/2-1/2

[Event "23rd ETCC Women 2021"]
[Site "Catez"]
[Date "2021.11.17"]
[Round "5.27"]
[White "Eizaguerri Floris, Maria"]
[Black "Klek, Hanna Marie"]
[Result "1/2-1/2"]
[ECO "C84"]
[WhiteElo "2328"]
[BlackElo "2343"]
[Annotator "ChessBase"]
[PlyCount "83"]
[EventDate "2021.11.08"]
[EventType "team-tourn"]
[EventCountry "SLO"]
[SourceTitle "playchess.com"]
[Source "ChessBase"]
[SourceQuality "1"]
[WhiteTeam "Spain"]
[BlackTeam "Germany"]
[WhiteTeamCountry "ESP"]
[BlackTeamCountry "GER"]
[TimeControl "40/5400+30:1800+30"]

1. e4 e5 2. Nf3 Nc6 3. Bb5 a6 4. Ba4 Nf6 5. O-O Be7 6. d3 b5 7. Bb3 d6 8. a3 Na5 9. Ba2 c5 10. Nc3 Be6 11. Bg5 Nc6 12. Bxf6 Bxf6 13. Nd5 Rc8 14. a4 Bg5 15. c3 Bh6 16. axb5 axb5 17. Bb3 O-O 18.
Qe2 Kh8 19. Ra6 f5 20. exf5 Bxf5 21. Ne3 Bg6 22. Be6 Bxe3 23. fxe3 Rc7 24. Nh4 Bf7 25. Qg4 Bxe6 26. Rxf8+ Qxf8 27. Qxe6 g6 28. Nf3 c4 29. dxc4 bxc4 30. Qxc4 Qc8 31. Qa2 Qf5 32. Ra8+ Kg7 33. h3 Rf7 34. e4 Qf4 35. Qb1 Qe3+ 36. Kh2 Rxf3 37. gxf3 Qf2+ 38. Kh1 Qxf3+ 39. Kh2 Qf2+ 40. Kh1 Qf3+ 41. Kh2 Qf2+ 42. Kh1 1/2-1/2

[Event "23rd ETCC Women 2021"]
[Site "Catez"]
[Date "2021.11.17"]
[Round "5.28"]
[White "Schneider, Jana"]
[Black "Calzetta Ruiz, Monica"]
[Result "1-0"]
[ECO "B60"]
[WhiteElo "2269"]
[BlackElo "2201"]
[Annotator "ChessBase"]
[PlyCount "89"]
[EventDate "2021.11.08"]
[EventType "team-tourn"]
[EventCountry "SLO"]
[SourceTitle "playchess.com"]
[Source "ChessBase"]
[SourceQuality "1"]
[WhiteTeam "Germany"]
[BlackTeam "Spain"]
[WhiteTeamCountry "GER"]
[BlackTeamCountry "ESP"]
[TimeControl "40/5400+30:1800+30"]

1. e4 c5 2. Nf3 d6 3. d4 cxd4 4. Nxd4 Nf6 5. Nc3 Nc6 6. Bg5 g6 7. Bxf6 exf6 8. Bc4 Bg7 9. Ndb5 O-O 10. Qxd6 f5 11. O-O-O Qg5+ 12. f4 Qh6 13. Kb1 fxe4 14. Nxe4 Bg4 15. Rd2 Rad8 16. Qc7 Rc8 17. Qxb7 Na5 18. Bxf7+ Rxf7 19. Qd5 Nc4 20. Nbd6 Nxd2+ 21. Nxd2 Rcf8 22. Nxf7 Rxf7 23. Ne4 Qxf4 24. Ng5 h6 25. Nxf7 Qxf7 26. Qxf7+ Kxf7 27. Rf1+ Ke6 28. Rf4 h5 29. Ra4 Be5 30. Ra6+ Kf5 31. h3 Be2 32. Rxa7 h4 33. Rd7 Bf4 34. a4 Bf1 35. a5 Bxg2 36. a6 Bxh3 37. Rd5+ Ke6 38. a7 Bg2 39. a8=Q Bxd5 40. Qg8+ Ke5 41. Qxg6 Bg3 42. b4 Be4 43. Qg5+ Bf5 44. b5 Bf2 45. Qd2 1-0

[Event "23rd ETCC Women 2021"]
[Site "Catez"]
[Date "2021.11.16"]
[Round "5.29"]
[White "Bulmaga, Irina"]
[Black "Peng, Zhaoqin"]
[Result "1-0"]
[ECO "C18"]
[WhiteElo "2405"]
[BlackElo "2351"]
[Annotator "NA"]
[PlyCount "61"]
[EventDate "2021.11.08"]
[EventType "team-tourn"]
[EventCountry "SLO"]
[SourceTitle "playchess.com"]
[Source "ChessBase"]
[SourceQuality "1"]
[WhiteTeam "Romania"]
[BlackTeam "Netherlands"]
[WhiteTeamCountry "ROU"]
[BlackTeamCountry "NED"]
[TimeControl "40/5400+30:1800+30"]

1. e4 e6 2. d4 d5 3. Nc3 Bb4 4. e5 c5 5. a3 Bxc3+ 6. bxc3 Qa5 7. Bd2 Qa4 8. Qg4 Kf8 9. h4 Nc6 10. h5 Qxc2 11. Rc1 Qe4+ 12. Qxe4 dxe4 13. Rh4 Bd7 14. Rb1 Nd8 15. dxc5 f5 16. exf6 gxf6 17. Rxe4 Bc6 18. Rg4 f5 19. Rg3 Nf7 20. Nf3 Be4 21. Rb4 Nf6 22. Nd4 Nxh5 23. Nxe6+ Ke7 24. Rh3 Kxe6 25. Rxh5 Rae8 26. f3 Bc6 27. Bd3 Kf6+ 28. Kf2 Re5 29. Be3 Kg6 30. g4 a5 31. Rf4 1-0

[Event "23rd ETCC Women 2021"]
[Site "Catez"]
[Date "2021.11.16"]
[Round "5.30"]
[White "Roebers, Eline"]
[Black "Peptan, Corina-Isabela"]
[Result "1-0"]
[ECO "B11"]
[WhiteElo "2304"]
[BlackElo "2385"]
[Annotator "NA"]
[PlyCount "41"]
[EventDate "2021.11.08"]
[EventType "team-tourn"]
[EventCountry "SLO"]
[SourceTitle "playchess.com"]
[Source "ChessBase"]
[SourceQuality "1"]
[WhiteTeam "Netherlands"]
[BlackTeam "Romania"]
[WhiteTeamCountry "NED"]
[BlackTeamCountry "ROU"]
[TimeControl "40/5400+30:1800+30"]

1. e4 c6 2. Nf3 d5 3. Nc3 dxe4 4. Nxe4 Nf6 5. Qe2 Bg4 6. Nxf6+ gxf6 7. g3 e6 8. Bg2 Nd7 9. d4 Bd6 10. O-O h5 11. h3 Bxf3 12. Qxf3 h4 13.
g4 Qa5 14. c4 O-O-O 15. a3 Qa6 16. c5 Be7 17. b4 e5 18.
Re1 Rhe8 19. a4 exd4 20. Bf1 b5 21. axb5 1-0

[Event "23rd ETCC Women 2021"]
[Site "Catez"]
[Date "2021.11.16"]
[Round "5.31"]
[White "Cosma, Elena-Luminita"]
[Black "Ratsma, Rosa"]
[Result "1/2-1/2"]
[ECO "D33"]
[WhiteElo "2281"]
[BlackElo "2272"]
[Annotator "NA"]
[PlyCount "73"]
[EventDate "2021.11.08"]
[EventType "team-tourn"]
[EventCountry "SLO"]
[SourceTitle "playchess.com"]
[Source "ChessBase"]
[SourceQuality "1"]
[WhiteTeam "Romania"]
[BlackTeam "Netherlands"]
[WhiteTeamCountry "ROU"]
[BlackTeamCountry "NED"]
[TimeControl "40/5400+30:1800+30"]

1. Nf3 Nf6 2. g3 d5 3. Bg2 e6 4. O-O c5 5. d4 cxd4 6. Nxd4 Nc6 7. c4 Qb6 8. Nxc6 bxc6 9. Nc3 Be7 10. cxd5 exd5 11. e4 dxe4 12. Nxe4 O-O 13. Be3 Qb5 14. a4 Qxb2 15. Bd4 Qb7 16. Nxf6+ Bxf6 17. Bxf6 gxf6 18. Rc1 Qd7 19. Qf3 Qf5 20. Qxf5 Bxf5 21. Rxc6 Be6 22. Rc7 Rfc8 23. Re7 Kf8 24. Rxe6 fxe6 25. Bxa8 Rxa8 26. Rb1 Re8 27. f4 Re7 28. Rb8+ Kf7 29. Kf2 Rc7 30. Ke3 Kg6 31. Rg8+ Kf7 32. Ra8 Kg6 33. Rg8+ Kf7 34. Ra8 Kg6 35. Rg8+ Kf7 36. Ra8 Kg6 37. Rg8+ 1/2-1/2

[Event "23rd ETCC Women 2021"]
[Site "Catez"]
[Date "2021.11.16"]
[Round "5.32"]
[White "Van Foreest, Machteld"]
[Black "Sandu, Mihaela"]
[Result "1/2-1/2"]
[ECO "C41"]
[WhiteElo "2141"]
[BlackElo "2244"]
[Annotator "NA"]
[PlyCount "135"]
[EventDate "2021.11.08"]
[EventType "team-tourn"]
[EventCountry "SLO"]
[SourceTitle "playchess.com"]
[Source "ChessBase"]
[SourceQuality "1"]
[WhiteTeam "Netherlands"]
[BlackTeam "Romania"]
[WhiteTeamCountry "NED"]
[BlackTeamCountry "ROU"]
[TimeControl "40/5400+30:1800+30"]

1. e4 d6 2. d4 Nf6 3. Nc3 e5 4. Nf3 Nbd7 5. h3 Be7 6. Be3 c6 7. g3 O-O 8. Bg2 b5 9. Nh4 b4 10. Ne2 d5 11. exd5 Nxd5 12. Nf5 N7b6 13. Nxe7+ Qxe7 14. O-O Nxe3 15. fxe3 exd4 16. Nxd4 Qxe3+ 17. Kh2 Bd7 18. Nxc6 Bxc6 19. Bxc6 Rad8 20. Qh5 g6 21. Qf3 Rd2+ 22. Kh1 Qxf3+ 23. Bxf3 Rxc2 24. Bd1 Rxb2 25. Bb3 a5 26. Rf4 Nd7 27. Raf1 Ne5 28. Re4 Nd3 29. Re7 Nf2+ 30. Kg2 Ne4+ 31. Kg1 Nxg3 32. Bxf7+ Kh8 33. Rd1 Nf5 34. Ra7 a4 35. Rdd7 Kg7 36. Be6+ Kf6 37. Bxf5 Kxf5 38. Rxa4 Rc8 39. Rf7+ Ke6 40. Rf2 Rxf2 41. Kxf2 Rc2+ 42. Kf3 Rc4 43. Ra7 h5 44. Ra6+ Kf5 45. Ra5+ Kf6 46. Rb5 Kg7 47. Kg3 Kh6 48. Kf3 h4 49. Rb8 g5 50. Rb6+ Kh5 51. Kg2 Rc2+ 52. Kg1 Rc4 53. Kh2 Rd4 54. Kh1 g4 55. Rb5+ Kg6 56. hxg4 Rxg4 57. Ra5 Rc4 58. a3 Rc1+ 59. Kh2 Rc2+ 60. Kh3 Rc3+ 61. Kxh4 Rxa3 62. Rb5 Rb3 63. Kg4 Kf6 64. Kf4 Ke6 65. Ke4 Rh3 66. Rb6+ Kd7 67. Kd4 Kc7 68. Ke4 1/2-1/2

[Event "23rd ETCC Women 2021"]
[Site "Catez"]
[Date "2021.11.16"]
[Round "5.33"]
[White "Zaksaite, Salomeja"]
[Black "Georgescu, Lena"]
[Result "1/2-1/2"]
[ECO "B87"]
[WhiteElo "2250"]
[BlackElo "2262"]
[Annotator "NA"]
[PlyCount "96"]
[EventDate "2021.11.08"]
[EventType "team-tourn"]
[EventCountry "SLO"]
[SourceTitle "playchess.com"]
[Source "ChessBase"]
[SourceQuality "1"]
[WhiteTeam "Lithuania"]
[BlackTeam "Switzerland"]
[WhiteTeamCountry "LTU"]
[BlackTeamCountry "SUI"]
[TimeControl "40/5400+30:1800+30"]

1. e4 c5 2. Nf3 d6 3. d4 cxd4 4. Nxd4 Nf6 5. Nc3 a6 6. Bc4 e6 7. O-O b5 8. Bb3 Be7 9. Qf3 Qb6 10. Be3 Qb7 11. Qg3 b4 12. Na4 Nbd7 13.
f3 O-O 14. Rfd1 Ne5 15. Nb6 Nh5 16. Qh3 Qxb6 17. Qxh5 Qb7 18. Bg5 Bxg5 19. Qxg5 Qb6 20. a3 bxa3 21. Rxa3 h6 22. Qe3 Rd8 23. Nf5 Rb8 24. Qxb6 Rxb6 25. Ne7+ Kf8 26. Nxc8 Rxc8 27. Rda1 Rcc6 28. Ba4 Rc7 29. Bb3 Rcc6 30. Ba4 Rc7 31. Bb3 Ra7 32. Kf2 Nd7 33. R1a2 Ke7 34. Bc4 a5 35. b3 Ne5 36. Be2 Nc6 37. c3 Rab7 38.
Bd1 g5 39. Ke3 Rc7 40. g3 Rb8 41. Ra4 Kd7 42. Rd2 Ke7 43. Rc4 Rb6 44. Ra2 Rcb7 45. h4 gxh4 46. gxh4 Rb8 47. Rg2 Kf6 48. f4 Rc8 1/2-1/2

[Event "23rd ETCC Women 2021"]
[Site "Catez"]
[Date "2021.11.16"]
[Round "5.34"]
[White "Hakimifard, Ghazal"]
[Black "Baginskaite, Kamile"]
[Result "0-1"]
[ECO "B91"]
[WhiteElo "2267"]
[BlackElo "2100"]
[Annotator "NA"]
[PlyCount "98"]
[EventDate "2021.11.08"]
[EventType "team-tourn"]
[EventCountry "SLO"]
[SourceTitle "playchess.com"]
[Source "ChessBase"]
[SourceQuality "1"]
[WhiteTeam "Switzerland"]
[BlackTeam "Lithuania"]
[WhiteTeamCountry "SUI"]
[BlackTeamCountry "LTU"]
[TimeControl "40/5400+30:1800+30"]

1. e4 c5 2. Nf3 d6 3. d4 cxd4 4. Nxd4 Nf6 5. Nc3 a6 6. g3 e5 7. Nb3 Nbd7 8. Bg2 b5 9. O-O Bb7 10. a4 b4 11. Nd5 Nxd5 12. exd5 a5 13.
Re1 Be7 14. Bd2 O-O 15. c3 bxc3 16. Bxc3 Bg5 17. Ra3 Qc7 18. Rf1 Nc5 19. f4 Bh6 20. fxe5 dxe5 21. Kh1 Rfd8 22. Rf5 f6 23. g4 Bf4 24. Qf3 Ra6 25. Qe2 Nxb3 26. Rxb3 Rad6 27. Rxb7 Qxb7 28. Bxa5 Ra8 29. Bc3 Rxa4 30. b4 Rxb4 31. Bxb4 Qxb4 32. Rh5 Qb1+ 33. Qf1 Rb6 34. Rh3 Qc2 35. Qf3 Rb1+ 36. Bf1 Qc1 37. Kg2 e4 38. Qf2 Rb2 39. Be2 Qd2 40. Kf1 Rb1+ 41. Kg2 Rb2 42. Kf1 e3 43. Qe1 Qc2 44. Rf3 Rb1 45. Qxb1 Qxb1+ 46. Kg2 Qe4 47. Kg1 Be5 48. Rf1 Qc2 49. Re1 Bc3 0-1

[Event "23rd ETCC Women 2021"]
[Site "Catez"]
[Date "2021.11.16"]
[Round "5.35"]
[White "Simkunaite, Gabija"]
[Black "Stoeri, Laura"]
[Result "0-1"]
[ECO "B30"]
[WhiteElo "1962"]
[BlackElo "2130"]
[Annotator "NA"]
[PlyCount "96"]
[EventDate "2021.11.08"]
[EventType "team-tourn"]
[EventCountry "SLO"]
[SourceTitle "playchess.com"]
[Source "ChessBase"]
[SourceQuality "1"]
[WhiteTeam "Lithuania"]
[BlackTeam "Switzerland"]
[WhiteTeamCountry "LTU"]
[BlackTeamCountry "SUI"]
[TimeControl "40/5400+30:1800+30"]

1. e4 c5 2. Nf3 Nc6 3. Bb5 e6 4. Bxc6 bxc6 5. b3 d5 6. e5 Ne7 7. O-O Ng6 8. d3 Be7 9. Nc3 f6 10. exf6 Bxf6 11. Bd2 O-O 12. Rb1 e5 13. h3 Nf4 14. Bxf4 exf4 15. Na4 Qd6 16. Qd2 Bf5 17. b4 cxb4 18. Rxb4 d4 19. Nb2 c5 20. Nc4 Qc7 21. Rb5 Qc6 22. Qa5 Rac8 23. Rfb1 Bxh3 24. Qxa7 Bg4 25. Nh2 Be6 26. Na5 Qd5 27. Nb3 Rf7 28. Qa3 Rfc7 29. Qc1 Bd7 30. Ra5 Qf5 31. Nf3 Qg4 32. Nbd2 Be7 33. Ne4 Bc6 34. Ne5 Qf5 35. Nxc6 Rxc6 36. Ra7 Bf8 37. Rbb7 c4 38. Qd1 cxd3 39. Qxd3 Rxc2 40. Rb5 Rc1+ 41. Kh2 Qg6 42. Raa5 Re1 43. Qb3+ Kh8 44. Ng5 Rcc1 45. g4 fxg3+ 46. Kxg3 Rc3+ 47. Qxc3 dxc3 48. Rf5 Re8 0-1

[Event "23rd ETCC Women 2021"]
[Site "Catez"]
[Date "2021.11.16"]
[Round "5.36"]
[White "De Seroux, Camille"]
[Black "Sibajeva, Marija"]
[Result "0-1"]
[ECO "B01"]
[WhiteElo "2125"]
[BlackElo "1946"]
[Annotator "NA"]
[PlyCount "84"]
[EventDate "2021.11.08"]
[EventType "team-tourn"]
[EventCountry "SLO"]
[SourceTitle "playchess.com"]
[Source "ChessBase"]
[SourceQuality "1"]
[WhiteTeam "Switzerland"]
[BlackTeam "Lithuania"]
[WhiteTeamCountry "SUI"]
[BlackTeamCountry "LTU"]
[TimeControl "40/5400+30:1800+30"]

1. e4 d5 2. exd5 Qxd5 3. Nf3 Bg4 4. Be2 Nc6 5. d4 O-O-O 6.
c4 Qd7 7. d5 Bxf3 8. Bxf3 Ne5 9. O-O Nxc4 10. Qd4 Nb6 11. Nc3 Nf6 12. Bf4 g5 13. Bxg5 Bg7 14. Rfc1 Rhg8 15. Qf4 Kb8 16. a4 Nbxd5 17. Qc4 Nxc3 18. Rxc3 Nd5 19. Rb3 c6 20. Bh4 Ka8 21. Re1 Bf6 22. Bg3 e6 23. a5 a6 24. Be2 Be7 25. f3 Bd6 26. Bf2 Nf4 27. g3 Nh3+ 28.
Kg2 Nxf2 29. Kxf2 Qc7 30. f4 Qxa5 31. Kf1 Qd5 32. Qxd5 exd5 33. Bd3 c5 34. Bf5 c4 35. Rf3 Rge8 36. Rd1 Bb4 37. g4 d4 38. g5 d3 39. Bxh7 Re2 40. b3 Rxh2 41. Bxd3 Rh1+ 42. Ke2 Re8+ 0-1

[Event "23rd ETCC Women 2021"]
[Site "Catez"]
[Date "2021.11.16"]
[Round "5.37"]
[White "Injac, Teodora"]
[Black "Goossens, Hanne"]
[Result "1-0"]
[ECO "A37"]
[WhiteElo "2387"]
[BlackElo "2126"]
[Annotator "NA"]
[PlyCount "83"]
[EventDate "2021.11.08"]
[EventType "team-tourn"]
[EventCountry "SLO"]
[SourceTitle "playchess.com"]
[Source "ChessBase"]
[SourceQuality "1"]
[WhiteTeam "Serbia"]
[BlackTeam "Belgium"]
[WhiteTeamCountry "SRB"]
[BlackTeamCountry "BEL"]
[TimeControl "40/5400+30:1800+30"]

1. Nf3 c5 2. c4 Nc6 3. Nc3 e5 4. g3 g6 5. Bg2 Bg7 6. O-O d6 7. a3 Be6 8. d3 Nge7 9. Rb1 a5 10. Ng5 Bc8 11. Nd5 O-O 12. Nxe7+ Qxe7 13. Ne4 Be6 14. Nc3 Rab8 15. Bd2 Qd7 16. Re1 f5 17. f4 Kh8 18.
Qa4 Nd4 19. Qd1 b5 20. e3 b4 21. exd4 bxc3 22. Bxc3 cxd4 23. Bxa5 e4 24. dxe4 fxe4 25. Bxe4 Bxc4 26. b3 d5 27. Bf3 Ba6 28. Rc1 Rfc8 29. Rxc8+ Qxc8 30. Bb4 Qd8 31. Re6 Bb7 32. Qe2 Rc8 33. Re7 Bc6 34. Bc5 Bd7 35. Rxg7 Kxg7 36. Bxd4+ Kf7 37. Bxd5+ Kf8 38. Qe5 Rc1+ 39. Kf2 Rc2+ 40. Kf3 Qc7 41. Qf6+ Ke8 42. Bf7+ 1-0